Map: Habitation Station LE (Void)

Players

lllllIllllII (Prince) - Winner!

  • Race: Protoss Protoss
  • League: Grandmaster
  • Spawn Location: 11:00

NORTHAMERICA

  • Race: Protoss Protoss
  • League: Master
  • Spawn Location: 1:00

VOD

Have the link to the VOD?

Description

Time

  • Played on: Jan. 1, 2017, 3:22 a.m.
  • Length: 15:39
Show
View Real Time Build Order
Export as new Build Order

lllllIllllII Protoss - Winner!

Build Orders: Phoenix Opening 

Get SALT Encoding   

  12  0:01  Probe (Chrono Boost)  
  13  0:12  Probe (Chrono Boost)  
  14  0:19  Pylon  
  14  0:23  Probe (Chrono Boost)  
  15  0:37  Gateway  
  15  0:38  Probe (Chrono Boost)  
  16  0:45  Assimilator  
  16  0:48  Probe (Chrono Boost)  
  17  0:51  Assimilator  
  17  0:59  Probe (Chrono Boost)  
  18  1:10  Probe (Chrono Boost)  
  19  1:19  Pylon  
  19  1:20  Probe (Chrono Boost)  
  19  1:25  Cybernetics Core  
  20  1:31  Probe (Chrono Boost)  
  21  1:41  Probe (Chrono Boost)  
  22  1:52  Probe (Chrono Boost)  
  23  1:57  Stalker  
  25  2:01  Warp Gate  
  25  2:03  Stargate  
  25  2:12  Probe (Chrono Boost)  
  26  2:28  Nexus  
  28  2:37  Mothership Core (Chrono Boost)  
  28  2:43  Phoenix  
  30  2:52  Pylon  
  30  3:07  Phoenix  
  30  3:10  Stalker  
  34  3:23  Probe (Chrono Boost)  
  35  3:28  Robotics Facility  
  35  3:37  Pylon, Phoenix  
  37  3:46  Probe (Chrono Boost)  
  37  3:47  Probe (Chrono Boost)  
  39  3:59  Probe (Chrono Boost), Phoenix  
  39  4:00  Probe (Chrono Boost)  
  41  4:09  Probe (Chrono Boost)  
  44  4:19  Immortal  
  44  4:24  Probe (Chrono Boost)  
  48  4:25  Probe (Chrono Boost)  
  48  4:34  Probe (Chrono Boost)  
  48  4:37  Probe (Chrono Boost)  
  50  4:44  Pylon, Void Ray  
  50  4:45  Probe (Chrono Boost)  
  51  4:51  Probe (Chrono Boost), Assimilator  
  56  4:57  Probe (Chrono Boost)  
  57  5:02  Assimilator  
  57  5:03  Probe (Chrono Boost)  
  58  5:07  Immortal  
  58  5:09  Probe (Chrono Boost)  
  64  5:15  Probe (Chrono Boost)  
  65  5:21  Probe (Chrono Boost), Void Ray  
  65  5:27  Probe (Chrono Boost)  
  70  5:31  Pylon  
  70  5:42  Probe x2 (Chrono Boost)  
  70  5:44  Immortal  
  70  5:47  Pylon  
  74  5:50  Pylon  
  74  5:59  Stargate, Void Ray  
  80  6:12  Probe x2 (Chrono Boost)  
  80  6:30  Nexus  
  80  6:32  Observer  
  80  6:35  Pylon  
  80  6:37  Void Ray  
  81  6:41  Void Ray  
  89  6:58  Probe (Chrono Boost)  
  89  6:59  Probe (Chrono Boost)  
  89  7:09  Pylon  
  89  7:14  Pylon  
  89  7:15  Protoss Air Weapons Level 1  
  89  7:16  Pylon  
  89  7:17  Stargate  
  89  7:21  Probe x2 (Chrono Boost)  
  91  7:22  Forge  
  91  7:26  Void Ray  
  91  7:28  Void Ray  
  95  7:33  Probe (Chrono Boost)  
  100  7:39  Probe (Chrono Boost)  
  100  7:42  Probe (Chrono Boost)  
  103  7:44  Assimilator  
  103  7:45  Probe (Chrono Boost)  
  103  7:47  Assimilator  
  104  7:52  Probe (Chrono Boost)  
  104  7:55  Probe (Chrono Boost)  
  104  7:57  Probe (Chrono Boost)  
  106  7:58  Pylon  
  106  8:01  Pylon  
  106  8:04  Probe (Chrono Boost), Void Ray  
  111  8:08  Photon Cannon  
  111  8:13  Photon Cannon  
  111  8:16  Photon Cannon  
  111  8:24  Void Ray  
  111  8:26  Void Ray  
  119  9:02  Fleet Beacon  
  119  9:06  Robotics Bay  
  119  9:07  Void Ray  
  119  9:09  Void Ray x2  
  131  9:11  Robotics Facility  
  131  9:23  Photon Cannon  
  131  9:26  Photon Cannon  
  131  9:28  Photon Cannon  
  131  9:35  Photon Cannon  
  131  9:45  Carrier  
  131  9:46  Carrier  
  131  9:54  Carrier  
  149  10:00  Photon Cannon  
  149  10:08  Photon Cannon  
  149  10:09  Photon Cannon  
  149  10:11  Photon Cannon  
  149  10:13  Photon Cannon  
  155  10:17  Photon Cannon  
  155  10:20  Photon Cannon  
  145  10:52  Graviton Catapult  
  145  10:53  Pylon  
  145  10:55  Pylon, Stargate  
  145  10:56  Pylon  
  145  10:58  Stargate  
  145  11:07  Carrier  
  145  11:09  Carrier  
  145  11:10  Photon Cannon  
  140  11:11  Photon Cannon  
  140  11:16  Pylon  
  140  11:18  Photon Cannon  
  136  11:20  Pylon  
  154  11:44  Carrier  
  154  11:46  Protoss Air Weapons Level 2  
  160  11:48  Nexus  
  159  11:54  Carrier  
  165  12:06  Adept  
  167  12:19  Carrier  
  161  12:44  Disruptor  
  160  12:48  Disruptor  
  166  13:08  Carrier  
  166  13:10  Carrier  
  178  13:20  Pylon  
  178  13:21  Disruptor  
  178  13:25  Pylon  
  181  13:27  Pylon  
  181  13:29  Nexus  
  181  13:33  Observer  
  181  13:55  Disruptor  
  181  13:56  Pylon  
  181  13:59  Pylon  
  181  14:00  Disruptor  
  187  14:16  Photon Cannon, Void Ray  
  187  14:19  Photon Cannon x2  
  187  14:22  Photon Cannon  
  191  14:24  Photon Cannon  
  191  14:26  Photon Cannon  
  191  14:31  Photon Cannon  
  190  14:45  Assimilator  
  190  14:51  Assimilator  
  190  14:58  Observer  
Show
View Real Time Build Order
Export as new Build Order

NORTHAMERICA Protoss 

Build Orders:  

Get SALT Encoding   

  12  0:01  Probe (Chrono Boost)  
  13  0:11  Probe (Chrono Boost)  
  14  0:17  Pylon  
  14  0:22  Probe (Chrono Boost)  
  15  0:36  Probe (Chrono Boost)  
  15  0:37  Gateway  
  16  0:46  Probe (Chrono Boost)  
  16  0:48  Assimilator  
  17  0:52  Assimilator  
  18  0:57  Probe (Chrono Boost)  
  18  1:07  Probe (Chrono Boost)  
  19  1:11  Gateway  
  19  1:18  Probe (Chrono Boost)  
  20  1:24  Cybernetics Core  
  20  1:28  Probe (Chrono Boost)  
  21  1:39  Pylon  
  21  1:42  Probe (Chrono Boost)  
  22  1:52  Warp Gate  
  22  1:53  Probe (Chrono Boost)  
  23  2:02  Adept  
  23  2:03  Adept  
  27  2:13  Mothership Core (Chrono Boost)  
  29  2:19  Pylon  
  29  2:29  Stalker  
  31  2:37  Stalker  
  31  2:39  Probe (Chrono Boost)  
  35  2:52  Pylon, Probe (Chrono Boost)  
  35  2:59  Stalker  
  33  3:24  Nexus  
  33  3:33  Probe (Chrono Boost)  
  34  3:38  Twilight Council  
  34  3:44  Probe (Chrono Boost)  
  35  3:56  Stalker x2  
  35  3:58  Probe (Chrono Boost)  
  40  4:06  Pylon  
  40  4:09  Probe (Chrono Boost)  
  41  4:10  Blink  
  41  4:20  Probe (Chrono Boost)  
  40  4:26  Sentry  
  40  4:27  Sentry  
  40  4:30  Probe (Chrono Boost)  
  45  4:38  Probe (Chrono Boost)  
  46  4:41  Probe (Chrono Boost)  
  47  4:48  Probe (Chrono Boost)  
  47  4:51  Probe (Chrono Boost)  
  49  4:54  Robotics Facility  
  49  4:59  Probe (Chrono Boost)  
  50  5:02  Probe (Chrono Boost)  
  51  5:09  Probe (Chrono Boost)  
  51  5:13  Probe (Chrono Boost)  
  53  5:17  Forge  
  53  5:18  Gateway  
  53  5:20  Probe (Chrono Boost)  
  54  5:25  Probe (Chrono Boost)  
  53  5:29  Pylon  
  53  5:30  Probe (Chrono Boost)  
  55  5:37  Probe (Chrono Boost)  
  55  5:41  Probe (Chrono Boost)  
  54  5:45  Observer, Protoss Ground Weapons Level 1  
  54  5:48  Gateway  
  54  5:49  Probe (Chrono Boost)  
  56  5:52  Probe (Chrono Boost)  
  56  5:54  Assimilator  
  57  5:58  Assimilator  
  57  6:01  Probe (Chrono Boost)  
  57  6:02  Pylon  
  59  6:04  Probe (Chrono Boost)  
  59  6:10  Resonating Glaives  
  59  6:13  Probe (Chrono Boost)  
  59  6:17  Probe (Chrono Boost)  
  61  6:23  Stalker  
  61  6:24  Stalker x2  
  68  6:25  Probe (Chrono Boost)  
  68  6:29  Probe (Chrono Boost)  
  68  6:31  Photon Cannon  
  69  6:38  Probe (Chrono Boost)  
  69  6:41  Probe (Chrono Boost)  
  69  6:45  Templar Archives  
  69  6:50  Probe (Chrono Boost)  
  69  6:52  Probe (Chrono Boost)  
  68  7:00  Probe (Chrono Boost)  
  69  7:03  Probe (Chrono Boost)  
  69  7:10  Adept  
  69  7:11  Adept x2, Probe (Chrono Boost)  
  69  7:13  Probe (Chrono Boost)  
  77  7:16  Nexus  
  77  7:17  Pylon  
  77  7:18  Adept  
  77  7:19  Pylon  
  79  7:25  Gateway  
  79  7:26  Gateway  
  79  7:27  Psionic Storm  
  79  7:30  Gateway  
  79  7:34  Probe (Chrono Boost)  
  80  7:41  Probe (Chrono Boost)  
  80  7:42  High Templar x3  
  87  7:48  High Templar  
  87  7:52  Gateway  
  87  7:54  Probe (Chrono Boost)  
  87  7:57  Probe (Chrono Boost)  
  90  8:06  Probe (Chrono Boost)  
  90  8:10  Pylon x2, Probe (Chrono Boost)  
  91  8:15  High Templar  
  91  8:16  Dark Shrine  
  91  8:17  Adept x2  
  97  8:20  Assimilator  
  97  8:23  Probe (Chrono Boost)  
  97  8:25  Assimilator  
  98  8:31  High Templar  
  100  8:38  Probe (Chrono Boost)  
  100  8:39  Probe (Chrono Boost)  
  100  8:40  Probe (Chrono Boost)  
  103  8:50  Stalker x2  
  103  8:51  Probe (Chrono Boost)  
  104  8:59  Stalker x2  
  104  9:01  Pylon  
  108  9:03  Pylon  
  108  9:07  Pylon  
  108  9:08  Pylon  
  109  9:11  Probe (Chrono Boost)  
  109  9:12  Pylon  
  109  9:19  Warp Prism  
  109  9:20  Probe x2 (Chrono Boost)  
  109  9:21  Pylon  
  113  9:25  High Templar x2  
  113  9:26  High Templar x2  
  113  9:28  Adept  
  113  9:29  Adept  
  113  9:30  Archon  
  113  9:31  Archon  
  125  9:33  Adept x2  
  125  9:37  Photon Cannon  
  127  9:55  Adept x4  
  136  10:08  Probe (Chrono Boost)  
  136  10:10  Probe (Chrono Boost)  
  137  10:15  Stalker x2  
  137  10:16  Stalker x5  
  137  10:17  Stalker  
  153  10:28  Nexus  
  149  10:36  Observer  
  149  10:39  Pylon  
  149  10:42  High Templar x2, Pylon  
  148  10:43  High Templar  
  148  10:45  High Templar  
  154  10:50  Archon x2  
  154  10:51  Adept  
  156  11:03  Stalker x3  
  146  11:21  Pylon  
  146  11:24  Pylon  
  146  11:25  Pylon  
  146  11:26  Stalker x3  
  146  11:27  Stalker x5  
  146  11:31  Probe (Chrono Boost), Assimilator  
  163  11:39  Assimilator  
  163  11:44  Probe (Chrono Boost)  
  162  11:52  Stalker x4, Protoss Shields Level 1  
  162  11:53  Stalker x4  
  178  11:57  Probe (Chrono Boost)  
  179  12:04  Probe (Chrono Boost)  
  179  12:08  Gateway x2  
  180  12:13  Photon Cannon  
  180  12:20  Dark Templar x2  
  172  12:41  Dark Templar x4  
  172  12:42  Dark Templar  
  176  12:46  Archon  
  176  12:47  Archon  
  148  13:02  Archon  
  118  13:07  Probe (Chrono Boost)  
  118  13:08  Probe (Chrono Boost)  
  118  13:09  Probe (Chrono Boost)  
  118  13:10  Probe (Chrono Boost)  
  114  13:19  Probe x2 (Chrono Boost)  
  114  13:21  Probe (Chrono Boost), Warp Prism  
  114  13:23  Dark Templar x3  
  114  13:24  Dark Templar x4  
  114  13:25  Probe (Chrono Boost)  
  132  13:36  Archon x3  
  130  13:41  Dark Templar  
  130  13:43  Stalker x2, Nexus  
  130  13:44  Pylon x2  
  130  13:46  Archon  
  136  13:52  Assimilator  
  136  13:57  Assimilator  
  136  13:58  Observer  
  138  14:03  Probe (Chrono Boost)  
  139  14:11  Probe (Chrono Boost)  
  139  14:23  Dark Templar x4  
  147  14:25  Zealot x3  
  147  14:26  Zealot x3  
  147  14:27  Photon Cannon  
  147  14:30  Archon x2  
  159  14:39  Photon Cannon  
  159  14:46  Stargate  
  159  14:51  High Templar  
  159  14:52  High Templar  
  155  14:53  Nexus  
  155  14:55  Pylon  
  155  14:56  Pylon  
  146  15:00  Stalker x2  
  146  15:01  Stalker x3  
  154  15:08  Stalker x3  
  152  15:25  Stalker x2  
  152  15:26  Stalker x5  
Tags
 
Add a new tag
Caveats
  • Supply blocks, unpowered buildings, or Contaminate may cause inaccurate times.
  • Supply counts are checked every 10 seconds.